 Dungeon Crawl Stone Soup version 0.24-a0-464-g6b2be6b8c7 (webtiles) character file.

Game seed: 1850050467049819662

128 nemis the Covered (level 5, 0/46 HPs)
             Began as a Hill Orc Fighter on July 4, 2019.
             Slain by an ogre
             ... wielding a +0 giant club
              (11 damage)
             ... on level 4 of the Dungeon.
             The game lasted 00:07:41 (1299 turns).

nemis the Covered (Hill Orc Fighter)                Turns: 1299, Time: 00:07:42

Health: 0/46       AC:  7    Str: 20    XL:     5   Next: 12%
Magic:  5/5        EV:  7    Int:  8    God:
Gold:   168        SH:  9    Dex: 10    Spells: 4/4 levels left

rFire    . . .     SeeInvis .   a - +1 war axe
rCold    . . .     Gourm    .   c - +0 shield
rNeg     . . .     Faith    .   b - +0 scale mail
rPois    .         Spirit   .   (no helmet)
rElec    .         Reflect  .   (no cloak)
rCorr    .         Harm     .   (no gloves)
MR       .....                  (no boots)
Stlth    ..........             (no amulet)
HPRegen  0.15/turn              (no ring)
MPRegen  0.09/turn              (no ring)

@: no status effects
A: no striking features
a: no special abilities


You were on level 4 of the Dungeon.
You were hungry.

You visited 1 branch of the dungeon, and saw 4 of its levels.

You collected 168 gold pieces.

Inventory:

Hand Weapons
 a - a +1 war axe (weapon)
Armour
 b - a +0 scale mail (worn)
 c - a +0 shield (worn)
Jewellery
 j - an uncursed ring of poison resistance {unknown}
Scrolls
 h - 2 scrolls of identify
 i - a scroll of enchant armour {unknown}
 k - 2 scrolls of magic mapping {unknown}
 l - a scroll of remove curse {unknown}
 p - a scroll of random uselessness {unknown}
Potions
 d - a potion of might
 e - a potion of flight {unknown}
 g - a potion of lignification {unknown}
 m - a potion of invisibility {unknown}
 o - a potion of heal wounds {unknown}
Comestibles
 f - 3 rations
 n - 4 chunks of flesh


   Skills:
 + Level 4.1 Fighting
 + Level 4.2 Axes
 + Level 4.2 Armour
 + Level 1.0 Dodging
 + Level 4.1 Shields


You had 4 spell levels left.
You didn't know any spells.
Your spell library was empty.

Dungeon Overview and Level Annotations

Branches:
Dungeon (4/15)
 Temple: D:4-7

Altars:


Message History

You now have 168 gold pieces (gained 11).
Found a scroll of identify.
Found a wooden ring.
Found a stone staircase leading down.
A scorpion and an ogre come into view.
The ogre shouts!
An ogre comes into view. It is wielding a +0 giant club.
The ogre shouts!
You see here a scroll of identify.
You hit the ogre.
The ogre is lightly wounded.
You block the ogre's attack.
You slash the ogre!
The ogre is heavily wounded.
The ogre hits you with a +0 giant club!
* * * LOW HITPOINT WARNING * * *
You slash the ogre!
The ogre is almost dead.
You barely miss the scorpion. You block the scorpion's attack.
The ogre hits you with a +0 giant club!
You die...

..# #.# #.# #.#
#.# .. #.#
....####.#
......Os.#
....###O@######
. #...=>..#
#.#####^# #.#
.# #.# ###.###
#.# #.....# #.#
#.....# #.#
#.....#
#.###.....##


You could see 2 ogres and a scorpion.

Vanquished Creatures
  A worker ant (D:4)
  A hound skeleton (D:4)
  A gnoll (D:2)
  2 adders
  An ooze (D:4)
  2 worms (D:2)
  A dart slug (D:1)
  2 leopard geckos
  2 orcs (D:3)
  4 bats
  4 giant cockroaches
  6 goblins
  A hobgoblin (D:2)
  6 jackals (D:1)
  2 quokkas
  2 ball pythons
  2 frilled lizards (D:1)
  3 kobolds
  7 rats
50 creatures vanquished.

Notes
Turn   | Place    | Note
-------+----------+-------------------------------------------
     0 | D:1      | nemis the Hill Orc Fighter began the quest for the Orb.
     0 | D:1      | Reached XP level 1. HP: 19/19 MP: 1/1
    91 | D:1      | Reached XP level 2. HP: 21/27 MP: 2/2
   551 | D:1      | Reached XP level 3. HP: 33/33 MP: 3/3
   947 | D:3      | Reached XP level 4. HP: 32/40 MP: 4/4
  1200 | D:4      | Reached XP level 5. HP: 26/46 MP: 5/5
  1233 | D:4      | Reached skill level 1 in Dodging
  1293 | D:4      | Noticed an ogre
  1293 | D:4      | Noticed an ogre
  1299 | D:4      | Slain by an ogre

Levels and vault maps discovered:
D:1:      dpeg_arrival_pond, layout_loops_ring
D:2:      layout_basic, kennysheep_generic_room_12
D:3:      layout_basic, minmay_diced_spiral
D:4:      layout_loops_ring, first_ration

Skill      XL: |  1  2  3  4  5 |
---------------+----------------+-----
Axes           | 3 4 |  4.2
Fighting       | 4 |  4.1
Armour         | 4 |  4.2
Shields        | 4 |  4.1
Dodging        | 1 |  1.0

Action                   |  1- 3 |  4- 6 || total
-------------------------+-------+-------++-------
Melee: War axe           |    96 |    50 ||   146
  Use: Scroll            |     3 |       ||     3
  Eat: Chunk             |       |     1 ||     1
Armor: Scale mail        |    60 |    31 ||    91
Dodge: Dodged            |    39 |    18 ||    57
Block: Shield            |    51 |    28 ||    79

Table legend:
 A = Non-vault XP
 B = Vault XP
 C = Vault XP percentage of total XP
 D = Non-vault monster count
 E = Vault monster count
 F = Vault count percentage of total count
                 A         B        C        D         E       F
            +---------+---------+-------+---------+---------+-------
      Total |     162 |      22 |  12.0 |      45 |       5 |  10.0
            +---------+---------+-------+---------+---------+-------
        D:1 |      40 |       0 |   0.0 |      22 |       0 |   0.0
        D:2 |      37 |       0 |   0.0 |      11 |       0 |   0.0
        D:3 |       9 |      22 |  71.0 |       6 |       5 |  45.5
        D:4 |      76 |       0 |   0.0 |       6 |       0 |   0.0
            +---------+---------+-------+---------+---------+-------
